 Dungeon Crawl Stone Soup version 0.26.0-20-g3ca415f5b8 (webtiles) character file.

Game seed: 12328420839000521629

60 sizableburger the Grasshopper (level 3, 0/27 HPs)
             Began as a Demonspawn Warper on Jan 25, 2021.
             Succumbed to a scorpion's poison
             ... on level 2 of the Dungeon.
             The game lasted 00:03:29 (2462 turns).

sizableburger the Grasshopper (Demonspawn Warper)   Turns: 2462, Time: 00:03:30

Health: 0/27       AC:  3    Str: 12    XL:     3   Next: 82%
Magic:  0/6        EV: 11    Int: 14    God:
Gold:   86         SH:  0    Dex: 12    Spells: 4/6 levels left

rFire    . . .     SeeInvis .   a - +0 falchion
rCold    . . .     Faith    .   (no shield)
rNeg     . . .     Spirit   .   b - +0 leather armour
rPois    .         Reflect  .   (helmet restricted)
rElec    .         Harm     .   (no cloak)
rCorr    .         Rampage  .   (no gloves)
Will     .....                  (no boots)
Stlth    +.........             (no amulet)
HPRegen  0.09/turn              (no ring)
MPRegen  0.10/turn              (no ring)

@: lethally poisoned (0 -> -11), attractive
A: antennae 1
a: no special abilities


You were on level 2 of the Dungeon.
You visited 1 branch of the dungeon, and saw 2 of its levels.

You collected 86 gold pieces.

Inventory:

Hand Weapons
 a - a +0 falchion (weapon)
Missiles
 e - 5 boomerangs of dispersal (quivered)
Armour
 b - a +0 leather armour (worn)
Scrolls
 c - 2 scrolls of remove curse {unknown}
 d - a scroll of blinking
 h - 6 scrolls of identify {unknown}


   Skills:
 - Level 2.0 Fighting
 + Level 3.0 Long Blades
 - Level 0.8 Throwing
 - Level 0.8 Armour
 - Level 1.7 Dodging
 - Level 2.0 Spellcasting
 + Level 3.6 Translocations


You had 4 spell levels left.
You knew the following spells:

 Your Spells              Type           Power        Failure   Level
a - Blink                 Tloc           N/A          11%         2

Your spell library contained the following spells:

 Spells                   Type           Power        Failure   Level
 Gell's Gravitas          Tloc           5%           21%         3
 Lesser Beckoning         Tloc           5%           21%         3
 Teleport Other           Tloc           11%          21%         3
 Corona                   Hex            1%           30%         1
 Ensorcelled Hibernation  Hex/Ice        2%           41%         2
 Passage of Golubria      Tloc           N/A          56%         4
 Confusing Touch          Hex            1%           65%         3
 Dazzling Flash           Conj/Hex       2%           65%         3
 Tukima's Dance           Hex            1%           65%         3


Dungeon Overview and Level Annotations

Branches:
Dungeon (2/15)

Altars:
Ru
Trog


Innate Abilities, Weirdness & Mutations

You have a pair of small antennae on your head.


Message History

You feel sick.
* * * LOW HITPOINT WARNING * * *
You feel sick.
There is an open door here.
Casting: Blink (safe; 11% risk of failure)
Confirm with . or Enter, or press ? or * to list all spells.
You blink.
* * * LOW HITPOINT WARNING * * *
You feel sick. The scorpion is pulled toward you!
Unknown command.
Casting: Blink (safe; 11% risk of failure)
Confirm with . or Enter, or press ? or * to list all spells.
You blink.
* * * LOW HITPOINT WARNING * * *
You feel sick. The scorpion is pulled toward you!
Unknown command.
Casting: Blink (safe; 11% risk of failure)
Confirm with . or Enter, or press ? or * to list all spells.
You blink.
You die...

###+######'#.#..#.###....##.#..##
###......#)###.#..#.###.?.#.#....
..'....<.#...###.#..#.###.#.##.##
###......###...###.#..#.#'#.#....
# ##....##.###...###......#.#.†..
# #....##...##..##.#..#.##.#....
####....####....##.#..#.###.#....
........##(##..##.#§)#.## #.#....
........##....##@#.s#.## #.#....
.)......###..##.#.§#.## #(.#+##
........##(.##.#..#.## ##(#...
......####.##.#..#.## #.....
......# ###.#..#.##{ ##....
......# ##.#..#.## ###..(.
......####......### #...>..
......+..#+#.#..#.### #.##...
......##.# ###.#..#.### #.##...


There were no monsters in sight!

Vanquished Creatures
  An adder (D:2)
  A worm (D:2)
  2 dart slugs (D:1)
  A leopard gecko (D:2)
  An orc (D:2)
  7 giant cockroaches
  3 goblins
  4 hobgoblins
  2 jackals (D:2)
  A ball python (D:2)
  3 bats
  6 frilled lizards
  5 kobolds
  5 rats
42 creatures vanquished.

Notes
Turn   | Place    | Note
-------+----------+-------------------------------------------
     0 | D:1      | sizableburger the Demonspawn Warper began the quest for the
                  | Orb.
     0 | D:1      | Reached XP level 1. HP: 16/16 MP: 3/3
   156 | D:1      | Gained mutation: You have a pair of small antennae on your
                  | head. [demonic ancestry]
   156 | D:1      | Reached XP level 2. HP: 18/22 MP: 5/5
   921 | D:1      | Learned a level 2 spell: Blink
   975 | D:2      | Reached XP level 3. HP: 14/27 MP: 6/6
  1246 | D:2      | Found a bloodstained altar of Trog.
  1375 | D:2      | Found a sacrificial altar of Ru.
  2452 | D:2      | Noticed a scorpion
  2461 | D:2      | HP: 1/27 [poisoned by a scorpion]
  2462 | D:2      | Succumbed to a scorpion's poison

Illustrated notes

Levels and vault maps discovered:
D:1:      grunt_arrival_lava_bath, layout_basic, chequers_serial_rivers_small_b,
          chequers_serial_rivers_large_a, chequers_serial_rivers_micro_e
D:2:      minmay_razor_zed, layout_basic, old_standard_altar, bloody_trog,
          minmay_pentomino_u2

Skill      XL: |  1  2  3 |
---------------+----------+-----
Long Blades    | 2 3 |  3.0
Translocations | 3 |  3.6
Fighting       | |  2.0
Throwing       | |  0.8
Armour         | |  0.8
Dodging        | |  1.7
Spellcasting   | |  2.0

Action                   || total
-------------------------++-------
Melee: Falchion          ||   161
 Cast: Blink             ||     3
  Use: Potion            ||     4
 Stab: Invisible         ||     1
Armor: Leather armour    ||    44
Dodge: Dodged            ||    93
       Rpst.: Falchion   ||    25
